 Dungeon Crawl Stone Soup version 0.28-a0-1356-g2ad6d04315 (webtiles) character file.

Game seed: 14341779276626333349

25 ragingrage the Chopper (level 2, -5/25 HPs)
             Began as a Palentonga Fighter on Dec 30, 2021.
             Slain by Natasha (6 damage)
             ... on level 2 of the Dungeon.
             The game lasted 00:00:36 (967 turns).

ragingrage the Chopper (Palentonga Fighter)          Turns: 967, Time: 00:00:36

Health: -5/25      AC:  6    Str: 19    XL:     2   Next: 82%
Magic:  2/2        EV:  7    Int:  8    God:
Gold:   55         SH:  4    Dex:  9    Spells: 1/1 levels left

rFire   . . .      SeeInvis +   a - +0 war axe
rCold   . . .      Faith    .   c - +0 buckler
rNeg    . . .      Spirit   .   b - +0 scale mail
rPois   .          Reflect  .   (no helmet)
rElec   .          Harm     .   (no cloak)
rCorr   .          Rampage  .   (no gloves)
Will    .....                   (no barding)
Stlth   ..........              (no amulet)
HPRegen 0.08/turn               (no ring)
MPRegen 0.08/turn               (no ring)

@: slowed, very slow
A: large, rugged brown scales 3, see invisible, deformed body, roll 1, armoured
tail
a: Rolling Charge


You were on level 2 of the Dungeon.
You visited 1 branch of the dungeon, and saw 2 of its levels.

You collected 55 gold pieces.

Inventory:

Hand Weapons
 a - a +0 war axe (weapon)
Armour
 b - a +0 scale mail (worn)
 c - a +0 buckler (worn)
Scrolls
 f - a scroll of noise {unknown}
 g - 2 scrolls of fear {unknown}
Potions
 d - a potion of might
 e - a potion of attraction {unknown}


   Skills:
 - Level 3.0 Fighting
 * Level 3.4 Axes
 - Level 2.4 Armour
 - Level 2.4 Shields


You had one spell level left.
You didn't know any spells.
Your spell library was empty.

Dungeon Overview and Level Annotations

Branches:
Dungeon (2/15)

Altars:

Annotations:
D:2 Natasha


Innate Abilities, Weirdness & Mutations

You are completely covered in rugged brown scales. (AC +3, +7% HP)
You have supernaturally acute eyesight. (SInv)
Armour fits poorly on your strangely shaped body.
You can roll at nearby foes to attack.
You have a long armoured tail.


Message History

You slash the jackal!
You kill the jackal!
Things that are here:
a jackal corpse; a jackal corpse You start resting.
An endoplasm comes into view.
Things that are here:
a +0 dagger; a goblin corpse
There is a stone staircase leading up here.
You climb upwards.
There is a stone staircase leading down here.
Unknown command.
You start resting.
HP restored.
There is an escape hatch in the floor here.
There is a stone staircase leading down here.
You climb downwards.
Found a white potion.
Found a stone staircase leading down.
There is a stone staircase leading up here.
Unknown command.
An endoplasm is nearby!
You slash the endoplasm!
You kill the endoplasm!
Natasha, Servant of Life and Death comes into view.
Natasha hisses angrily.
Natasha claws you but does no damage.
You closely miss Natasha. Natasha casts a spell at you.
The magic dart hits you! Natasha closely misses you.
Natasha casts a spell at you.
You feel yourself slow down.
You are too injured to fight recklessly!
Natasha claws you!
You barely miss Natasha. Natasha claws you but does no damage.
Natasha claws you.
* * * LOW HITPOINT WARNING * * *
You barely miss Natasha. Natasha claws you.
* * * LOW HITPOINT WARNING * * *
Natasha claws you.
You die... ..
P.P ..P# PPP..

...# ## ..#
#.# #.#.#
##.##
#.######@..#
#......h.#.#
######<#...#
#.##### #.#
#.# #.! >..
.##.#


You could see Natasha.

Vanquished Creatures
  A dart slug (D:1)
  3 endoplasms
  A giant cockroach (D:1)
  4 goblins
  A hobgoblin (D:1)
  4 jackals (D:2)
  A ball python (D:1)
  A bat (D:1)
  A frilled lizard (D:1)
  2 kobolds
  A rat (D:1)
20 creatures vanquished.

Notes
Turn   | Place    | Note
-------+----------+-------------------------------------------
     0 | D:1      | ragingrage the Palentonga Fighter began the quest for the
                  | Orb.
     0 | D:1      | Reached XP level 1. HP: 19/19 MP: 1/1
   281 | D:1      | Reached XP level 2. HP: 25/25 MP: 2/2
   960 | D:2      | Noticed Natasha
   967 | D:2      | HP: 1/25 [Natasha (6)]
   967 | D:2      | Slain by Natasha

Illustrated notes

Levels and vault maps discovered:
D:1:      tarquinn_simple_flora_water_a, layout_basic,
          shapermc_ecumenical_altar_petra, hangedman_glass_teeth,
          corexii_corridor_pit
D:2:      cheibrodos_greedy_goblins, layout_loops_cross, basic_altar,
          minmay_misc_feat_pillars, minmay_hedge_maze,
          chequers_serial_rivers_micro_c, uniq_natasha, uniq_robin

Skill      XL: |  1  2 |
---------------+-------+-----
Axes           | 3 |  3.4
Fighting       | |  3.0
Armour         | |  2.4
Shields        | |  2.4

Action                   || total
-------------------------++-------
Melee: War axe           ||    63
       Tailslap          ||     6
 Abil: Rolling Charge    ||     4
Armor: Scale mail        ||    32
Dodge: Dodged            ||    29
Block: Buckler           ||    13

Table legend: (Time is in decaauts)
 A = Elapsed time spent in this place.
 B = Non-inter-level travel time spent in this place.
 C = Inter-level travel time spent in this place.
 D = Time resting spent in this place.
 E = Time spent auto-exploring this place.
 F = Levels seen in this place.
 G = Mean time per level.
                   A        B        C        D        E       F      G
               +--------+--------+--------+--------+--------+-----+--------+
         Total |    991 |    922 |     69 |    359 |    417 |   2 |  495.5 |
       Dungeon |    991 |    922 |     69 |    359 |    417 |   2 |  495.5 |
               +--------+--------+--------+--------+--------+-----+--------+

Top non-repeatable levels by time:
     D:1: 937 daAuts
     D:2: 53 daAuts
